 Dungeon Crawl Stone Soup version 0.28-a0-390-gb254ac4902 (webtiles) character file.

Game seed: 7184181819879886602

30 SkeletonJelly the Cudgeller (level 3, 0/23 HPs)
             Began as a Gargoyle Chaos Knight on Sept 4, 2021.
             Was a Plaything of Xom.
             Killed from afar by Natasha (9 damage)
             ... with a puff of flame
             ... on level 2 of the Dungeon.
             The game lasted 00:02:33 (1044 turns).

SkeletonJelly the Cudgeller (Gargoyle Chaos Knight) Turns: 1044, Time: 00:02:34

Health: 0/23       AC:  8    Str: 16    XL:     3   Next: 18%
Magic:  3/3        EV: 11    Int: 12    God:    Xom [....*.]
Gold:   51         SH:  0    Dex:  9    Spells: 2/2 levels left

rFire   . . .      SeeInvis .   a - +0 mace (chaos)
rCold   . . .      Faith    .   (no shield)
rNeg    + . .      Spirit   .   b - +2 leather armour
rPois   ∞          Reflect  .   (no helmet)
rElec   +          Harm     .   (no cloak)
rCorr   .          Rampage  .   (no gloves)
Will    .....                   (no boots)
Stlth   +.........              h - amulet of regeneration
HPRegen 1.07/turn               (no ring)
MPRegen 0.08/turn               (no ring)

@: slowed, very slow
A: sickness immunity, AC +3, negative energy resistance 1, electricity
resistance, torment resistance 1, petrification resistance
a: Renounce Religion


You were on level 2 of the Dungeon.
You worshipped Xom.
You were a beloved toy of Xom.
You visited 1 branch of the dungeon, and saw 2 of its levels.

You collected 51 gold pieces.

Inventory:

Hand Weapons
 a - a +0 mace of chaos (weapon)
Armour
 b - a +2 leather armour (worn)
 f - a +0 plate armour
 i - a +0 scale mail
Jewellery
 d - an amulet of faith
 h - an amulet of regeneration (around neck)
Wands
 e - a wand of charming (2)
Scrolls
 c - a scroll of magic mapping {unknown}
 g - a scroll of fog {unknown}


   Skills:
 - Level 3.2 Fighting
 + Level 4.2 Maces & Flails
 - Level 2.1 Armour
 - Level 0.7 Dodging


You had 2 spell levels left.
You didn't know any spells.
Your spell library was empty.

Dungeon Overview and Level Annotations

Branches:
Dungeon (2/15)

Altars:

Annotations:
D:2 Natasha


Innate Abilities, Weirdness & Mutations

You are immune to sickness and miasma.
Your stone body is resilient. (AC +3)
You are immune to poison.
You resist negative energy. (rN+)
You are resistant to electric shocks. (rElec)
You are resistant to unholy torment.
You are immune to petrification.


Message History

You kill the ball python!
The frilled lizard barely misses you. The giant cockroach barely misses you.
The frilled lizard bites you.
You miss the frilled lizard. The giant cockroach closely misses you.
The frilled lizard misses you.
The giant cockroach bites you but does no damage.
Health restored: 23 You miss the frilled lizard.
The frilled lizard misses you. The giant cockroach barely misses you.
You miss the frilled lizard.
The giant cockroach bites you but does no damage.
The frilled lizard closely misses you.
You barely miss the frilled lizard.
The giant cockroach bites you but does no damage.
The frilled lizard bites you but does no damage.
The giant cockroach closely misses you.
You hit the frilled lizard.
You kill the frilled lizard!
The giant cockroach bites you but does no damage.
You hit the giant cockroach.
The giant cockroach flickers and vanishes!
Deactivating autopickup; reactivate with Ctrl-A.
Xom thinks this is hilarious!
Something bites you but does no damage.
No target in view!
No target in view!
No target in view!
There is a strange disturbance nearby!
Something bites you.
There is an open door here.
You take 1 damage, and have 22/23 hp.
Health restored: 23 You sock something!
Reactivating autopickup.
You feel a bit more experienced.
You see here a giant cockroach corpse.
There is an open door here.
You now have 51 gold pieces (gained 9).
You stumble into a teleport trap!
You are suddenly yanked towards a nearby monster!
Your surroundings suddenly seem different.
Natasha, Servant of Life and Death comes into view.
She is carrying a wand of flame (10).
Found a scroll labelled SOEGHU GEIGYA.
Natasha hisses angrily.
Natasha casts a spell at you. The magic dart hits you.
Natasha is nearby!
You take 5 damage, and have 18/23 hp.
MASSIVE DAMAGE!!
Natasha is nearby!
Natasha casts a spell.
Aiming: Charm
Press: ? - help, Shift-Dir - straight line, f - Natasha
Aim: Natasha, carrying a wand of flame (10) (chance to affect: 46%) Natasha is charmed.
The crimson imp disappears in a puff of smoke!
Really attack your ally Natasha?
You hit Natasha.
Natasha is poisoned.
Natasha is no longer charmed.
Natasha is moderately wounded.
Natasha stares at you and mumbles some strange words.
You feel yourself slow down.
Health restored: 23 You closely miss Natasha.
Natasha is moderately wounded.
Natasha mumbles some strange words.
Natasha zaps a wand.
The puff of flame hits you.
You take 5 damage, and have 18/23 hp.
MASSIVE DAMAGE!!
You hit Natasha but do no damage.
Natasha suddenly seems more agile.
Natasha is heavily wounded.
Natasha zaps a wand.
The puff of flame hits you.
The white imp hits you but does no damage.
Natasha stares at you and mumbles some strange words.
The magic dart hits you.
You take 3 damage, and have 15/23 hp.
You miss Natasha.
Natasha is severely wounded.
The white imp lashes its tail.
The white imp hits you but does no damage.
Natasha barely misses you.
The white imp hits you but does no damage.
Natasha closely misses you.
You regained 2 hp, and now have 17/23 hp.
You closely miss Natasha.
Natasha is severely wounded.
The white imp gestures at you. The puff of frost hits you. Natasha claws you.
The white imp shouts, "Scamper away, thou loggerheaded sow-suckled guttersnipe!"
The white imp hits you but does no damage.
Natasha claws you but does no damage.
You take 9 damage, and have 8/23 hp.
MASSIVE DAMAGE!!
You barely miss Natasha.
Natasha is almost dead.
The white imp misses you. Natasha claws you.
The white imp hits you but does no damage.
You take 1 damage, and have 7/23 hp.
You miss Natasha.
Natasha is almost dead.
Natasha zaps a wand.
The puff of flame hits you!
You die...

##†<...##......#.......#
##.....##......#######.#
##.....##......# #.#
##.....##......#######.#
###+#####......#.......#
# #......#.......# #
.......#.......#
.......h......#
#5@......# #........#
##.?.....# #..###...
##+# .. .


You could see Natasha (agile, poisoned) and a white imp (summoned).

Vanquished Creatures
  A dart slug (D:1)
  4 ball pythons
  3 bats (D:1)
  3 endoplasms (D:1)
  2 giant cockroaches
  A goblin (D:1)
  4 hobgoblins (D:1)
  A quokka (D:1)
  A frilled lizard (D:2)
  2 kobolds (D:1)
  A rat (D:1)
23 creatures vanquished.

Notes
Turn   | Place    | Note
-------+----------+-------------------------------------------
     0 | D:1      | SkeletonJelly the Gargoyle Chaos Knight began the quest for
                  | the Orb.
     0 | D:1      | Reached XP level 1. HP: 14/14 MP: 1/1
    99 | D:1      | Reached XP level 2. HP: 10/19 MP: 2/2
   208 | D:1      | XOM: silly message
   401 | D:1      | XOM: divination: detect creatures
   541 | D:1      | Reached skill level 4 in Maces & Flails
   806 | D:1      | Found a faded altar of an unknown god.
   830 | D:1      | Reached XP level 3. HP: 22/23 MP: 3/3
  1034 | D:2      | Noticed Natasha
  1044 | D:2      | Killed from afar by Natasha

Illustrated notes

Levels and vault maps discovered:
D:1:      evilmike_arrival_fibonacci_small, layout_rooms,
          hellmonk_ecumenical_altar_lost_god, kennysheep_doodads
D:2:      layout_basic, uniq_natasha

Skill      XL: |  1  2 |
---------------+-------+-----
Maces & Flails | 4 |  4.2
Fighting       | |  3.2
Armour         | |  2.1
Dodging        | |  0.7

Action                   || total
-------------------------++-------
Melee: Mace              ||    72
Evoke: Wand              ||     1
Armor: Leather armour    ||    49
Dodge: Dodged            ||    55

Table legend: (Time is in decaauts)
 A = Elapsed time spent in this place.
 B = Non-inter-level travel time spent in this place.
 C = Inter-level travel time spent in this place.
 D = Time resting spent in this place.
 E = Time spent auto-exploring this place.
 F = Levels seen in this place.
 G = Mean time per level.
                   A        B        C        D        E       F      G
               +--------+--------+--------+--------+--------+-----+--------+
         Total |   1061 |    961 |    100 |      0 |    793 |   2 |  530.5 |
       Dungeon |   1061 |    961 |    100 |      0 |    793 |   2 |  530.5 |
               +--------+--------+--------+--------+--------+-----+--------+

Top non-repeatable levels by time:
     D:1: 990 daAuts
     D:2: 71 daAuts
